 Dungeon Crawl Stone Soup version 0.25-a0-366-g516bc45ae0 (webtiles) character file.

Game seed: 885709113740383042, levelgen mode: deterministic

309 Napalmbreeze the Shield-Bearer (level 6, -1/50 HPs)
             Began as a Formicid Fighter on Jan 6, 2020.
             Succumbed to a killer bee's poison
             ... on level 4 of the Dungeon.
             The game lasted 00:05:34 (3179 turns).

Napalmbreeze the Shield-Bearer (Formicid Fighter)   Turns: 3179, Time: 00:05:35

Health: -1/50      AC: 11    Str: 23    XL:     6   Next: 69%
Magic:  6/6        EV:  8    Int: 12    God:
Gold:   213        SH: 10    Dex: 10    Spells: 5/5 levels left

rFire    . . .     SeeInvis +   a - +0 trident
rCold    . . .     Gourm    .   c - +0 shield
rNeg     . . .     Faith    .   b - +0 scale mail
rPois    .         Spirit   .   (helmet unavailable)
rElec    .         Reflect  .   v - +2 cloak
rCorr    .         Harm     .   (no gloves)
MR       .....                  k - +0 pair of boots
Stlth    ..........             (no amulet)
HPRegen  0.16/turn              (no ring)
MPRegen  0.10/turn              (no ring)

@: brilliant, lethally poisoned (-1 -> -20)
A: permanent stasis, dig shafts and tunnels, four strong arms, antennae 3
a: Dig, Shaft Self


You were on level 4 of the Dungeon.
You were not hungry.

You visited 1 branch of the dungeon, and saw 4 of its levels.

You collected 213 gold pieces.

Inventory:

Hand Weapons
 a - a +0 trident (weapon)
Armour
 b - a +0 scale mail (worn)
 c - a +0 shield (worn)
 k - a +0 pair of boots (worn)
 v - a +2 cloak (worn)
Scrolls
 e - a scroll of magic mapping {unknown}
 i - 5 scrolls of identify {unknown}
 j - a scroll of random uselessness {unknown}
 l - 2 scrolls of fear {unknown}
 m - a scroll of blinking {unknown}
 n - 2 scrolls of remove curse {unknown}
 t - 2 scrolls of teleportation {unknown}
 w - a scroll of immolation {unknown}
Potions
 d - a potion of might
 o - a potion of haste
 p - a potion of curing {unknown}
 q - a potion of heal wounds {unknown}
 r - a potion of invisibility {unknown}
 s - a potion of lignification {unknown}
 u - a potion of mutation {unknown}
Comestibles
 f - 4 rations
 h - a chunk of flesh


   Skills:
 + Level 4.8 Fighting
 - Level 4.1 Polearms
 - Level 4.0 Armour
 + Level 5.3 Shields


You had 5 spell levels left.
You didn't know any spells.
Your spell library was empty.

Dungeon Overview and Level Annotations

Branches:
Dungeon (4/15)
 Temple: D:4-7

Altars:
Ashenzari
Gozag


Innate Abilities, Weirdness & Mutations

You cannot be hasted, slowed, berserked, paralysed or teleported.
You can dig through walls and to a lower floor.
Your four strong arms can wield two-handed weapons with a shield.
You have a pair of large antennae on your head. (SInv)


Message History

You block the killer bee's attack.
You feel sick.
You feel sick. The killer bee misses you.
You feel sick. The killer bee barely misses you.
You feel sick. You block the killer bee's attack.
You feel sick. The killer bee stings you.
* * * LOW HITPOINT WARNING * * *
You are lethally poisoned!
The killer bee poisons you!
* * * LOW HITPOINT WARNING * * *
You feel sick.
* * * LOW HITPOINT WARNING * * *
You feel sick. You block the killer bee's attack. The killer bee stings you.
* * * LOW HITPOINT WARNING * * *
You are more poisoned.
The killer bee poisons you!
There is a stone staircase leading up here.
It was a potion of brilliance.
You feel clever all of a sudden.
You die... ####### #yy{yy#

#.###y#
#.# #@#
#{# #.#
#.# #.#
#.# #..
#.# ##.
#s# .#
#.# .#
#.# .#
#.#


You could see 3 killer bees.

Vanquished Creatures
  Crazy Yiuf (D:3)
  An orc priest (D:3)
  3 orc wizards (D:3)
  6 adders
  2 worms
  5 dart slugs
  4 leopard geckos
  9 orcs (D:3)
  3 bats
  5 giant cockroaches
  7 goblins
  11 hobgoblins
  7 jackals (D:3)
  3 quokkas (D:3)
  2 frilled lizards
  9 kobolds
  6 rats
84 creatures vanquished.

Notes
Turn   | Place    | Note
-------+----------+-------------------------------------------
     0 | D:1      | Napalmbreeze the Formicid Fighter began the quest for the
                  | Orb.
     0 | D:1      | Reached XP level 1. HP: 18/18 MP: 1/1
    38 | D:1      | Reached XP level 2. HP: 11/24 MP: 2/2
   492 | D:1      | Reached XP level 3. HP: 29/29 MP: 3/3
   569 | D:1      | Reached skill level 4 in Shields
   861 | D:2      | Found an opulent altar of Gozag.
   993 | D:2      | Reached XP level 4. HP: 37/37 MP: 4/4
  1950 | D:3      | Reached XP level 5. HP: 40/42 MP: 5/5
  2212 | D:3      | Reached XP level 6. HP: 35/49 MP: 6/6
  2219 | D:3      | Reached skill level 5 in Shields
  2447 | D:3      | Found a shattered altar of Ashenzari.
  2581 | D:3      | Found a runed translucent door.
  2582 | D:3      | Noticed Crazy Yiuf
  2602 | D:3      | Killed Crazy Yiuf
  2888 | D:3      | Found a faded altar of an unknown god.
  3178 | D:4      | HP: 1/50 [killer bee (2)]
  3179 | D:4      | Succumbed to a killer bee's poison

Levels and vault maps discovered:
D:1:      dpeg_arrival_long_road, layout_rooms
D:2:      layout_loops_ring, nicolae_gozag_seed_capital, minmay_tromino_v4_a
D:3:      layout_basic, nicolae_ashenzari_panopticon,
          chequers_ecumenical_altar_island, minmay_misc_feat_tiny,
          uniq_crazy_yiuf_cottage
D:4:      layout_loops_ring, kennysheep_mini_moat, first_ration,
          xom_teletrap_fun

Skill      XL: |  1  2  3  4  5  6 |
---------------+-------------------+-----
Shields        | 4 5 |  5.3
Polearms       | 3 4 |  4.1
Fighting       | 4 |  4.8
Armour         | 4 |  4.0

Action                   |  1- 3 |  4- 6 || total
-------------------------+-------+-------++-------
Melee: Trident           |   131 |   217 ||   348
 Abil: Dig               |     1 |       ||     1
  Use: Potion            |       |     2 ||     2
 Stab: Invisible         |       |     2 ||     2
  Eat: Chunk             |     1 |     7 ||     8
Armor: Scale mail        |    44 |    62 ||   106
Dodge: Dodged            |    40 |    62 ||   102
Block: Shield            |    62 |    92 ||   154

Table legend:
 A = Non-vault XP
 B = Vault XP
 C = Vault XP percentage of total XP
 D = Non-vault monster count
 E = Vault monster count
 F = Vault count percentage of total count
                 A         B        C        D         E       F
            +---------+---------+-------+---------+---------+-------
      Total |     393 |      49 |  11.1 |      80 |       4 |   4.8
            +---------+---------+-------+---------+---------+-------
        D:1 |      41 |       0 |   0.0 |      19 |       0 |   0.0
        D:2 |      76 |       7 |   8.4 |      20 |       3 |  13.0
        D:3 |     276 |      42 |  13.2 |      41 |       1 |   2.4
            +---------+---------+-------+---------+---------+-------
